 Dungeon Crawl Stone Soup version 0.29-a0-453-gf113fcf677 (webtiles) character file.

Game seed: 6948630750957091076

779 Kenran the Carver (level 7, -5/54 HPs)
             Began as a Vampire Fighter on May 20, 2022.
             Was a Follower of Trog.
             Killed from afar by a white imp (7 damage)
             ... with a puff of frost
             ... on level 5 of the Dungeon.
             The game lasted 00:11:43 (3643 turns).

Kenran the Carver (Vampire Fighter)                 Turns: 3643, Time: 00:11:44

Health: -5/54      AC:  5    Str: 17    XL:     7   Next: 54%
Magic:  7/7        EV: 14    Int: 13    God:    Trog [*.....]
Gold:   202        SH:  5    Dex: 13    Spells: 6/6 levels left

rFire   . . .      SeeInvis +   a - +1 long sword
rCold   . . .      Faith    .   c - +1 buckler
rNeg    . . .      Spirit   .   t - +2 leather armour {rPois}
rPois   +          Reflect  .   (helmet restricted)
rElec   .          Harm     .   (no cloak)
rCorr   .          Rampage  .   (no gloves)
Will    .....                   (no boots)
Stlth   +.........              (no amulet)
HPRegen 0.38/turn               f - +4 ring of evasion
MPRegen 0.10/turn               (no ring)

@: on berserk cooldown, healing quickly, slowed, very slow
A: alive, fangs 3, see invisible, vampiric 2, antennae 1, clever 1, mutation
resistance 1
a: Exsanguinate, Renounce Religion, Berserk


You were on level 5 of the Dungeon.
You worshipped Trog.
Trog was aware of your devotion.
You visited 1 branch of the dungeon, and saw 5 of its levels.
You also visited: Sewer.

You collected 202 gold pieces.

Inventory:

Hand Weapons
 a - a +1 long sword (weapon)
Missiles
 j - a throwing net
 q - 4 atropa-tipped darts (quivered)
 s - 12 poisoned darts
Armour
 c - a +1 buckler (worn)
 h - a +0 helmet
 t - a +2 leather armour of poison resistance (worn)
Jewellery
 f - a +4 ring of evasion (left hand)
 o - a ring of magical power
Wands
 g - a wand of digging (3)
Scrolls
 m - 2 scrolls of enchant weapon
 n - 3 scrolls of fog
 p - a scroll of fear {unknown}
 r - 2 scrolls of poison
Potions
 b - 2 potions of cancellation
 d - a potion of flight
 e - 3 potions of degeneration {!q}
 i - a potion of magic
 k - a potion of mutation {!q}
 l - a potion of berserk rage {unknown}


   Skills:
 + Level 4.0 Fighting
 + Level 8.0 Long Blades
 + Level 2.4 Armour
 - Level 2.6 Shields


You had 6 spell levels left.
You didn't know any spells.
Your spell library contained the following spells:

 Spells                   Type           Power      Damage    Failure   Level
 Sublimation of Blood     Necr           0%         N/A       58%         2
 Petrify                  Tmut/Erth      0%         N/A       99%         4
 Irradiate                Conj/Tmut      0%         3d13      100%        5


Dungeon Overview and Level Annotations

Branches:
Dungeon (5/15)              Sewer (visited)
 Temple: D:4-7

Altars:
Nemelex Xobeh
Trog

Shops:
D:3 [   D:4 (

Annotations:
D:5 Prince Ribbit


Innate Abilities, Weirdness & Mutations

Your natural rate of healing is accelerated.
You have razor-sharp teeth.
You have supernaturally acute eyesight. (SInv)
You are afflicted with vampirism and can become a bat while bloodless.
You have a pair of small antennae on your head.
Your mind is acute. (Int +2)
You are somewhat resistant to further mutation.


Message History

The jackal bites you but does no damage.
The jackal bites you but does no damage.
The dart slug launches a dart at you. The slug dart misses you.
Things that are here:
a +0 club; a +0 chain mail; an orc corpse You slash the dart slug!
The dart slug is almost dead.
Prince Ribbit misses you. The jackal misses you.
You slash Prince Ribbit! Your bite misses Prince Ribbit.
Prince Ribbit is moderately wounded.
Prince Ribbit hits you but does no damage.
You block the dart slug's attack.
You slash the dart slug!
You kill the dart slug!
Trog accepts your kill. Prince Ribbit hits you!
* * * LOW HITPOINT WARNING * * *
You block the jackal's attack. The jackal closely misses you.
You slash Prince Ribbit!
Prince Ribbit is severely wounded.
Prince Ribbit blinks!
You block the jackal's attack. The jackal bites you.
* * * LOW HITPOINT WARNING * * *
You slash the jackal!
You kill the jackal!
Trog accepts your kill. The jackal completely misses you.
You slash the jackal!
You kill the jackal!
Trog accepts your kill.
You are no longer berserk.
You are exhausted.
You feel yourself slow down.
It was a potion of mutation.
You feel extremely strange.
You feel clever.
You feel genetically stable. A pair of antennae grows on your head!
Your +0 helmet falls away!
The white imp gestures at you. The puff of frost hits you!
You die...

# ..# #(. ## ## .#5
.#.# .##.. #..# ..
... ..#... #.#. ..
..# .....# ..o .###.#
. ....## #.. .... ..#
.....#
#[.##5###†###.##.
......
#.....†@†.......
.....#
##.###.###.###.#
....# #.......##
....# #........##
...## ####
##........# ..##
##..## #........# .##
##....## ##...(...#
## ##......##
#......##
##........####......#


You could see a white imp.

Vanquished Creatures
  A water moccasin (Sewer)
  Pargi (D:3)
  A black bear (D:3)
  A phantom (D:3)
  An orc priest (D:3)
  2 hounds
  An iguana (D:5)
  Ijyb (D:4)
  3 orc wizards (D:3)
  3 gnolls
  4 adders
  A white imp (D:5)
  4 worms
  4 dart slugs
  12 orcs
  7 endoplasms
  3 giant cockroaches
  6 goblins
  6 hobgoblins
  2 jackals (D:5)
  9 kobolds
  3 quokkas
  3 training dummies (D:4)
  12 ball pythons
  3 bats
  7 frilled lizards
  6 rats
107 creatures vanquished.

Notes
Turn   | Place    | Note
-------+----------+-------------------------------------------
     0 | D:1      | Kenran the Vampire Fighter began the quest for the Orb.
     0 | D:1      | Reached XP level 1. HP: 17/17 MP: 1/1
   131 | D:1      | Reached XP level 2. HP: 23/23 MP: 2/2
   467 | D:2      | Reached skill level 3 in Long Blades
   674 | D:2      | Gained mutation: You are afflicted with vampirism and can
                  | become a bat while bloodless. [Vampire growth]
   674 | D:2      | Reached XP level 3. HP: 25/29 MP: 3/3
  1031 | D:3      | Found a faded altar of an unknown god.
  1092 | D:3      | Noticed a phantom
  1105 | D:3      | Killed a phantom
  1106 | D:3      | Reached skill level 4 in Long Blades
  1106 | D:3      | Reached XP level 4. HP: 34/35 MP: 4/4
  1133 | D:3      | Reached skill level 5 in Long Blades
  1133 | D:3      | Reached XP level 5. HP: 41/41 MP: 5/5
  1260 | D:3      | Noticed Pargi
  1447 | D:3      | Found a bloodstained altar of Trog.
  1455 | D:3      | Became a worshipper of Trog the Wrathful
  1674 | D:3      | Reached skill level 6 in Long Blades
  1810 | D:3      | Reached XP level 6. HP: 43/47 MP: 6/6
  1916 | D:3      | Found Faheg's Antique Armour Shop.
  2126 | D:3      | Killed Pargi
  2343 | D:4      | Reached skill level 7 in Long Blades
  2343 | D:4      | Reached XP level 7. HP: 46/54 MP: 7/7
  2403 | D:4      | Found Jedag's Firing Range.
  2519 | D:4      | Noticed Ijyb
  2538 | D:4      | Killed Ijyb
  2570 | D:4      | Reached * piety under Trog
  2575 | D:4      | Found a sparkling altar of Nemelex Xobeh.
  2607 | D:4      | Found a glowing drain.
  2620 | Sewer    | Entered a sewer
  3381 | D:5      | Entered Level 5 of the Dungeon
  3466 | D:5      | Reached skill level 8 in Long Blades
  3611 | D:5      | Noticed Prince Ribbit
  3639 | D:5      | HP: 3/81 [Prince Ribbit (17)]
  3640 | D:5      | HP: 1/81 [jackal (2)]
  3643 | D:5      | Gained mutation: Your mind is acute. (Int +2) [potion of
                  | mutation]
  3643 | D:5      | Gained mutation: You are somewhat resistant to further
                  | mutation. [potion of mutation]
  3643 | D:5      | Gained mutation: You have a pair of small antennae on your
                  | head. [potion of mutation]
  3643 | D:5      | Killed from afar by a white imp

Illustrated notes

Levels and vault maps discovered:
D:1:      dpeg_arrival_stone_temple_mockup, layout_rooms, grunt_decor_cap
D:2:      layout_rooms
D:3:      layout_rooms, lemuel_crystal_altar, serial_shops,
          nicolae_shop_waterfront, basic_ecumenical_altar, uniq_pargi
D:4:      layout_loops_ring, nemelex_spade_bored_becter,
          cheibrodos_sewer_entry_drain, nicolae_shop_firing_range, uniq_ijyb
D:5:      layout_cave_pods, xom_butterflies,
          nicolae_concentric_dashed_squares_wild, fountainhead,
          hangedman_decor_lopped, uniq_prince_ribbit1

Skill      XL: |  1  2  3  4  5  6  7 |
---------------+----------------------+-----
Fighting       | 3 4 |  4.0
Long Blades    | 3 4 5 6 7 8 |  8.0
Armour         | |  2.4
Shields        | |  2.6

Action                   |  1- 3 |  4- 6 |  7- 9 || total
-------------------------+-------+-------+-------++-------
Melee: Long sword        |    97 |   138 |   127 ||   362
       Bite              |     8 |    10 |     7 ||    25
Throw: Dart              |       |     5 |       ||     5
Invok: Berserk           |       |       |     1 ||     1
  Use: Potion            |     1 |     4 |     5 ||    10
       Scroll            |       |    10 |     3 ||    13
Armor: Scale mail        |    35 |       |       ||    35
       Leather armour    |     2 |    92 |    29 ||   123
Dodge: Dodged            |    39 |   100 |    76 ||   215
Block: Buckler           |    27 |    40 |    41 ||   108

Table legend: (Time is in decaauts)
 A = Elapsed time spent in this place.
 B = Non-inter-level travel time spent in this place.
 C = Inter-level travel time spent in this place.
 D = Time resting spent in this place.
 E = Time spent auto-exploring this place.
 F = Levels seen in this place.
 G = Mean time per level.
                   A        B        C        D        E       F      G
               +--------+--------+--------+--------+--------+-----+--------+
         Total |   3717 |   3576 |    141 |    559 |   1812 |   6 |  619.5 |
       Dungeon |   3425 |   3284 |    141 |    464 |   1774 |   5 |  685.0 |
         Sewer |    291 |    291 |      0 |     95 |     38 |   1 |  291.0 |
               +--------+--------+--------+--------+--------+-----+--------+

Top non-repeatable levels by time:
     D:3: 1121 daAuts
     D:4: 856 daAuts
     D:2: 679 daAuts
     D:1: 509 daAuts
   Sewer: 291 daAuts
     D:5: 257 daAuts
